 Dungeon Crawl Stone Soup version 0.31.0-11-ge490571c62 (webtiles) character file.

Game seed: 6872171651056365866

221 qw the Shooter (level 5, -1/28 HPs)
             Began as a Spriggan Hunter on Feb 4, 2024.
             Slain by Robin
             ... wielding a +0 spear
              (3 damage)
             ... on level 3 of the Dungeon.
             The game lasted 00:00:07 (1886 turns).

qw the Shooter (Spriggan Hunter)                    Turns: 1886, Time: 00:00:07

Health: -1/28      AC:  2    Str:  7    XL:     5   Next: 65%
Magic:  6/6        EV: 20    Int: 10    God:
Gold:   5          SH:  5    Dex: 21    Spells: 4/4 levels left

rFire   . . .        a - +0 shortbow
rCold   . . .        (shield currently unavailable)
rNeg    . . .        c - +0 robe
rPois   .            (helmet restricted)
rElec   .            (no cloak)
rCorr   .            (gloves unavailable)
SInv    +            (boots unavailable)
Will    .....        h - amulet of reflection
Stlth   ++           (no ring)
HPRegen 0.24/turn    (no ring)
MPRegen 0.10/turn

%: reflection
@: very quick
A: very small, no large weapons, unfitting armour, see invisible, speed 3
a: no special abilities


You were on level 3 of the Dungeon.
You visited 1 branch of the dungeon, and saw 3 of its levels.

You collected 137 gold pieces.
You spent 132 gold pieces at shops.


Innate Abilities, Weirdness & Mutations

You are very small and have problems with some larger weapons.
You are too small for most types of armour.
You have supernaturally acute eyesight. (SInv)
You cover ground extremely quickly. (Speed+++)


   Skills:
 - Level 3.1 Fighting
 + Level 5.1 Ranged Weapons
 - Level 5.0 Dodging
 - Level 1.5 Stealth


You had 4 spell levels left.
You didn't know any spells.
Your spell library was empty.

Inventory:

Hand Weapons
 a - a +0 shortbow (weapon)
Armour
 c - a +0 robe (worn)
Jewellery
 h - an amulet of reflection (around neck)
Scrolls
 f - a scroll of fog {unknown}
Potions
 b - a potion of degeneration {unknown}
 d - 2 potions of cancellation
 e - a potion of mutation
 i - 2 potions of curing
 j - a potion of attraction {unknown}

Dungeon Overview and Level Annotations

Branches:
Dungeon (3/15)

Altars:
Dithmenos

Shops:
D:3 !

Annotations:
D:3 Robin


Message History

You shoot an arrow. The arrow barely misses the goblin. x2
The arrow hits Robin!
Robin is severely wounded.
The goblin closely misses you. The goblin misses you. x2
The goblin barely misses you. The goblin hits you with a +0 club.
The goblin barely misses you. The goblin misses you.
You block the goblin's attack. The goblin closely misses you.
The goblin barely misses you.
You shoot an arrow. The arrow hits the goblin.
You kill the goblin!
The goblin hits you with a +0 club. The goblin closely misses you.
Robin throws the goblin at you! The goblin completely misses you.
You shoot an arrow. The arrow hits the goblin.
You kill the goblin!
The goblin misses you. The goblin hits you with a +0 dagger.
The goblin barely misses you. Robin misses you. The goblin closely misses you.
You shoot an arrow. The arrow hits the hobgoblin.
The hobgoblin is almost dead.
The goblin closely misses you. The hobgoblin completely misses you.
The goblin hits you with a +0 dagger. You block Robin's attack.
The goblin closely misses you. x2; The goblin hits you with a +0 club.
You shoot an arrow. The arrow hits the hobgoblin.
You kill the hobgoblin!
The goblin misses you. The goblin closely misses you.
Robin hits you from afar with a +0 spear.
The goblin misses you. The goblin completely misses you.
The goblin closely misses you.
You shoot an arrow. The arrow barely misses the hobgoblin.
The arrow hits Robin.
Robin is almost dead.
You block the goblin's attack. The hobgoblin closely misses you.
The goblin closely misses you. Robin completely misses you.
The goblin completely misses you. The goblin hits you with a +0 club.
The goblin barely misses you.
You shoot an arrow. The arrow closely misses the hobgoblin.
The arrow hits Robin but does no damage.
Robin is almost dead.
The hobgoblin no longer looks unusually strong.
Robin hits you from afar with a +0 spear.
You die...
Robin calls out, "Let's celebrate!
Time for a feast!"

#.#.........#
#......#.##.# #.#......
.####.......# #.......#
####...#)#### #.....).#
..#.......# #...).#?#
#.#..#....### #........
..).###.....# #..g.....
##..###..##.####gg...#..
###..#..###....g@g......
.##.....##.....gg.......
........................
#.........##...##...####
##..._...####.## .....#
#...).....##..# ...#..
..............##.#....##
.##.....##.......####..
###..#..###.####.# .#


You could see Robin, a hobgoblin and 5 goblins.

Vanquished Creatures
  A water moccasin (D:3)
  6 adders
  An orc (D:3)
  An endoplasm (D:2)
  A giant cockroach (D:1)
  10 goblins
  11 hobgoblins
  8 jackals (D:2)
  6 kobolds
  A quokka (D:1)
  A ball python (D:1)
  4 bats (D:1)
  A frilled lizard (D:3)
  8 rats
60 creatures vanquished.

Notes
Turn   | Place    | Note
-------+----------+-------------------------------------------
     0 | D:1      | qw the Spriggan Hunter began the quest for the Orb.
     0 | D:1      | Reached XP level 1. HP: 10/10 MP: 2/2
     0 | D:1      | 0 ||| qw: Version: 0.3-a-160-g6735b56
     0 | D:1      | 0 ||| qw: Game counter: 5066
     0 | D:1      | 0 ||| qw: Melee chars always use a shield: true
     0 | D:1      | 0 ||| qw: God list: Okawaru
     0 | D:1      | 0 ||| qw: Allow faded altars: false
     0 | D:1      | 0 ||| qw: Do Orc after clearing Dungeon:15 true
     0 | D:1      | 0 ||| qw: Do second Lair branch before Depths: true
     0 | D:1      | 0 ||| qw: Lair rune preference: random
     0 | D:1      | 0 ||| qw: Goals: Normal
     0 | D:1      | 0 ||| PLANNING D:1-11
   118 | D:1      | Reached skill level 3 in Dodging
   353 | D:1      | Reached XP level 2. HP: 14/14 MP: 3/3
   646 | D:1      | 646 ||| READING scroll labelled KAFIASO QEURHE.
   646 | D:1      | 646 ||| IDENTIFYING yellow potion
   647 | D:1      | 647 ||| DROPPING scroll of butterflies.
   677 | D:2      | 677 ||| STAIRDANCE
   725 | D:2      | Reached XP level 3. HP: 18/18 MP: 4/4
  1133 | D:2      | Reached XP level 4. HP: 19/22 MP: 5/5
  1483 | D:2      | 1483 ||| DROPPING amulet of magic regeneration.
  1484 | D:2      | 1484 ||| UPGRADING to amulet of reflection.
  1489 | D:2      | 1489 ||| READING 2 scrolls of identify.
  1489 | D:2      | 1489 ||| IDENTIFYING murky blue potion
  1490 | D:2      | 1490 ||| READING scroll of identify.
  1490 | D:2      | 1490 ||| IDENTIFYING viscous coppery potion
  1491 | D:2      | 1491 ||| READING scroll labelled MOUDOFI YGAIS.
  1564 | D:3      | Found a shadowy altar of Dithmenos.
  1677 | D:3      | Noticed a water moccasin
  1678 | D:3      | 1678 ||| DRINKING potion of haste.
  1686 | D:3      | Killed a water moccasin
  1687 | D:3      | Reached skill level 3 in Fighting
  1687 | D:3      | Reached XP level 5. HP: 28/28 MP: 6/6
  1817 | D:3      | Identified the +1 ring mail of the Equator {rN+ Regen+
                  | Str+3}
  1837 | D:3      | Found Quof's Distillery.
  1841 | D:3      | 1841 ||| BUYING potion of cancellation (96 gold).
  1841 | D:3      | Bought a potion of cancellation for 96 gold pieces
  1841 | D:3      | 1841 ||| BUYING potion of curing (36 gold).
  1841 | D:3      | Bought a potion of curing for 36 gold pieces
  1841 | D:3      | 1841 ||| SHOPLISTING potion of curing (36 gold, have 5).
  1841 | D:3      | 1841 ||| SHOPLISTING potion of might (48 gold, have 5).
  1873 | D:3      | Noticed Robin
  1884 | D:3      | HP: 6/28 [Robin/+0 spear (4)]
  1885 | D:3      | HP: 1/28 [goblin/+0 club[Robin] (5)]
  1886 | D:3      | Slain by Robin

Levels and vault maps discovered:
D:1:      shiori_arrival_oz, layout_loops_ring, grunt_decor_one_mirror
D:2:      layout_basic
D:3:      layout_loops_cross, nicolae_dithmenos_shadow_blocks,
          shapermc_ecumenical_altar_pompeii, serial_shops, shop,
          bh_walls_and_bars, uniq_robin

Skill      XL: |  1  2  3  4 |
---------------+-------------+-----
Dodging        | 3 4 5 |  5.0
Ranged Weapons | 5 |  5.1
Fighting       | 3 |  3.1
Stealth        | |  1.5

Action                     |  1- 3 |  4- 6 || total
---------------------------+-------+-------++-------
   Fire: Shortbow          |   116 |    73 ||   189
    Use: Scroll            |     1 |     3 ||     4
         Potion            |       |     1 ||     1
 Armour: Robe              |    22 |    16 ||    38
  Dodge: Dodged            |    52 |    63 ||   115
  Block: Other             |       |     9 ||     9

Table legend:
 A = Non-vault XP
 B = Vault XP
 C = Vault XP percentage of total XP
 D = Non-vault monster count
 E = Vault monster count
 F = Vault count percentage of total count
                 A         B        C        D         E       F
            +---------+---------+-------+---------+---------+-------
      Total |     301 |      15 |   4.7 |      52 |       8 |  13.3
            +---------+---------+-------+---------+---------+-------
        D:1 |      35 |       3 |   7.9 |      16 |       2 |  11.1
        D:2 |      77 |       0 |   0.0 |      24 |       0 |   0.0
        D:3 |     189 |      12 |   6.0 |      12 |       6 |  33.3
            +---------+---------+-------+---------+---------+-------
